 Dungeon Crawl Stone Soup version 0.15-a0-271-g6095dc6 (webtiles) character file.

133 MrRokkomies the Digger (level 4, -2/26 HPs)
             Began as a Gargoyle Earth Elementalist on Apr 28, 2014.
             Slain by Sigmund
             ... wielding a +2,+3 scythe of freezing
              (3 damage)
             ... on Level 2 of the Dungeon.
             The game lasted 00:06:48 (2183 turns).

MrRokkomies the Digger (GrEE)                       Turns: 2183, Time: 00:06:49

HP  -2/26        AC  6     Str 11      XL: 4   Next: 30%
MP   7/7         EV 10     Int 17      God:
Gold 59          SH  0     Dex 10      Spells:  3 memorised,  1 level left

rFire  . . .     SeeInvis .     a - +0 whip (drain)
rCold  . . .     Clarity  .     u - +0 leather armour
rNeg   + . .     Conserve .     (no shield)
rPois  +         rCorr    .     (no helmet)
rElec  +         rRot     +     (no cloak)
SustAb . .       Spirit   .     (no gloves)
rMut   .         Warding  .     (no boots)
Saprov . . .     Stasis   .     (no amulet)
MR     .....                    (no ring)
                                l - ring of flight

@: not resistant to hostile enchantments, unstealthy
A: life protection 1, electricity resistance, unbreathing, petrification
resistance, AC +3
a: Evoke Flight


You were on level 2 of the Dungeon.
You were hungry.

You visited 1 branch of the dungeon, and saw 2 of its levels.

You collected 59 gold pieces.

Inventory:

Hand weapons
 a - a +0,+0 whip of draining (weapon)
 n - a +1,+4 short sword
Missiles
 b - 13 stones (quivered)
 o - 19 sling bullets
Armour
 u - a +0 leather armour (worn)
Comestibles
 f - an apple
 h - 2 bread rations
Scrolls
 p - a scroll of fear
Jewellery
 l - a ring of flight (left hand)
Potions
 g - 2 potions of agility
 i - a potion of flight
Books
 d - a book of Geomancy

   Spells                             Type                      Level
   *Sandblast                         Earth                        1
   *Stoneskin                         Transmutation/Earth          2
   *Passwall                          Transmutation/Earth          3
   Stone Arrow                        Conjuration/Earth            3
   Petrify                            Transmutation/Earth          4
   Lee's Rapid Deconstruction         Earth                        5


   Skills:
 * Level 1.6 Fighting
 - Level 1.5 Dodging
 - Level 2.1 Stealth
 - Level 2.0 Spellcasting
 - Level 0.7 Transmutations
 + Level 5.6 Earth Magic


You had one spell level left.
You knew the following spells:

 Your Spells              Type           Power        Failure   Level  Hunger
a - Sandblast             Erth           ###...       1%          1    #......
b - Stoneskin             Trmt/Erth      ##........   10%         2    ###....
c - Passwall              Trmt/Erth      ##........   17%         3    ####...


Dungeon Overview and Level Annotations

Branches:
Dungeon (2/15)

Altars:
Okawaru

Annotations:
D:2 Sigmund


Innate Abilities, Weirdness & Mutations

You are resistant to torment.
You are immune to poison.
You are immune to rotting.
Your stone body is very resilient (AC +3).
You resist negative energy.
You are resistant to electric shocks.
You can survive without breathing.
You are immune to petrification.


Message History

Found a potion of agility.
g - 2 potions of agility (gained 1)
Found 10 gold pieces.
You now have 59 gold pieces (gained 10).
A quokka comes into view.
The quokka bites you.
You barely miss the quokka. The quokka bites you.
The quokka bites you but does no damage.
You barely miss the quokka. The quokka closely misses you.
You closely miss the quokka. The quokka barely misses you.
You hit the quokka. You drain the quokka!
You kill the quokka!
Sigmund shouts!
Sigmund hits you with a scythe of freezing!
Sigmund freezes you.
Sigmund hits you with a scythe of freezing!
Ouch! That really hurt!
* * * LOW HITPOINT WARNING * * *
Sigmund freezes you.
You die...

### ..# #
#.# #.####.#
### ...#.#
..#####
#.#@####
......# #
##.@....#
#.###.##K#
#......##.#
.........#
####.####.#
#(###(####
#...##.#
..###.######
#.#.##.#
.....@.<...#
#.#.##.#
..##.......#
#......#
..##.......#
###.####
...........#
#.#
...#.......#
#.#


You could see Sigmund.

Vanquished Creatures
  2 gnolls (D:2)
  2 adders
  A ball python (D:1)
  3 giant cockroaches
  6 goblins (D:1)
  A hobgoblin (D:2)
  3 quokkas (D:2)
  6 bats
  2 giant geckos (D:2)
  2 giant newts
  4 jackals (D:1)
  5 kobolds
  7 rats
  A plant (D:1)
45 creatures vanquished.

Notes
Turn   | Place    | Note
--------------------------------------------------------------
     0 | D:1      | MrRokkomies, the Gargoyle Earth Elementalist, began the quest for the Orb.
     0 | D:1      | Reached XP level 1. HP: 10/10 MP: 3/3
   235 | D:1      | Reached skill level 4 in Earth Magic
   261 | D:1      | Reached XP level 2. HP: 13/16 MP: 4/4
   680 | D:1      | Reached skill level 1 in Fighting
   741 | D:1      | Reached XP level 3. HP: 20/20 MP: 6/6
  1128 | D:1      | Learned a level 2 spell: Stoneskin
  1132 | D:1      | Learned a level 3 spell: Passwall
  1429 | D:2      | Reached skill level 5 in Earth Magic
  1474 | D:2      | Reached XP level 4. HP: 11/26 MP: 0/7
  1594 | D:2      | Found an iron altar of Okawaru.
  1746 | D:2      | Noticed Sigmund
  2183 | D:2      | HP: 1/26 [Sigmund/scythe of freezing (13)]
  2183 | D:2      | Slain by Sigmund

Action                   |  1- 3 |  4- 6 || total
-------------------------+-------+-------++-------
Melee: Whip              |   170 |    14 ||   184
       Unarmed           |     4 |       ||     4
       Mace              |     3 |       ||     3
Throw: Dart              |       |     4 ||     4
 Cast: Sandblast         |     6 |     1 ||     7
  Use: Scroll            |       |     7 ||     7
 Stab: Sleeping          |     1 |       ||     1
